 Dungeon Crawl Stone Soup version 0.25-a0-96-g4073cf80fb (webtiles) character file.

Game seed: 6717595128233003899, levelgen mode: deterministic

96740 Arixos the Pandemonic (level 15, -18/178 HPs)
             Began as a Demonspawn Monk on Nov 11, 2019.
             Was a High Priest of Makhleb.
             Demolished by a jumping spider (19 damage)
             ... on level 2 of the Spider Nest on Nov 12, 2019.
             The game lasted 02:24:13 (31438 turns).

Arixos the Pandemonic (Demonspawn Monk)            Turns: 31438, Time: 02:24:13

Health: -18/178    AC: 25    Str: 22    XL:     15   Next: 70%
Magic:  0/27       EV:  9    Int: 12    God:    Makhleb [*****.]
Gold:   994        SH:  0    Dex: 16    Spells: 14/14 levels left

rFire    + . .     SeeInvis .   a - +0 demon trident (flame)
rCold    + . .     Gourm    .   I - +0 buckler
rNeg     . . .     Faith    .   e - +1 scale mail {rPois}
rPois    +         Spirit   +   f - +0 helmet
rElec    .         Reflect  .   g - scarf {repulsion}
rCorr    .         Harm     .   h - +2 pair of gloves {archery}
MR       ++...                  v - +0 pair of boots
Stlth    ..........             M - amulet of guardian spirit
HPRegen  0.39/turn              O - ring of protection from cold
MPRegen  0.20/turn              C - ring of protection from magic

@: berserking, lethally poisoned (-18 -> -41), sanguine armour, held, repel
missiles, very quick
A: talons 2, demonic guardian 3, fire resistance 1, powered by death 2, sanguine
armour 2
a: Minor Destruction, Lesser Servant of Makhleb, Major Destruction, Greater
Servant of Makhleb, Renounce Religion


You were on level 2 of the Spider Nest.
You worshipped Makhleb.
Makhleb was extremely pleased with you.
You were not hungry.

You visited 5 branches of the dungeon, and saw 26 of its levels.
You also visited: Sewer, Bailey and Gauntlet.

You collected 2280 gold pieces.
You spent 1286 gold pieces at shops.

Inventory:

Hand Weapons
 a - a +0 demon trident of flaming (weapon)
Missiles
 d - 114 poisoned darts (quivered)
 o - 8 curare-tipped darts
Armour
 e - a +1 scale mail of poison resistance (worn)
 f - a +0 helmet (worn)
 g - a scarf of repulsion (worn)
 h - a +2 pair of gloves of archery (worn)
 v - a +0 pair of boots (worn)
 I - a +0 buckler (worn)
 U - the +5 ring mail "Put-Me-On" {rCorr Str-5 Slay+3}
   (You found it on level 9 of the Dungeon)

   It affects your strength (-5).
   It affects your accuracy and damage with ranged weapons and melee attacks
   (+3).
   It provides partial protection from all sources of acid and corrosion.
Magical Staves
 b - an uncursed staff of wizardry
Jewellery
 A - the ring of Suacaz {rF+ Int+3}
   (You found it in a Gauntlet)

   [ring of protection from fire]

   It affects your intelligence (+3).
   It protects you from fire.
 C - a ring of protection from magic (right hand)
 K - an uncursed ring of positive energy
 M - an amulet of guardian spirit (around neck)
 O - a ring of protection from cold (left hand)
Wands
 x - a wand of enslavement (14)
 B - a wand of polymorph (18)
 N - a wand of flame (64)
 P - a wand of iceblast (17)
 W - a wand of paralysis (17)
Scrolls
 k - 7 scrolls of remove curse
 p - 8 scrolls of teleportation
 q - 7 scrolls of identify
 t - 4 scrolls of enchant armour
 y - 3 scrolls of amnesia
 F - 2 scrolls of fear {unknown}
 J - 3 scrolls of fog
 Q - 3 scrolls of enchant weapon {unknown}
 S - a scroll of magic mapping
Potions
 c - 6 potions of lignification
 i - 8 potions of curing
 l - a potion of degeneration {unknown}
 m - 3 potions of haste
 n - 8 potions of heal wounds
 r - 5 potions of flight
 s - 10 potions of brilliance
 u - 4 potions of invisibility
 w - 2 potions of ambrosia {unknown}
 z - 3 potions of cancellation
 D - 4 potions of might
 E - a potion of berserk rage
 G - 9 potions of mutation
 H - 3 potions of magic
 R - a potion of agility
Miscellaneous
 V - 2 phantom mirrors
Comestibles
 j - 2 chunks of flesh
 L - 47 rations


   Skills:
 + Level 11.4 Fighting
 * Level 13.8 Polearms
 + Level 10.2 Armour
 + Level 10.7 Dodging
 - Level 1.7 Stealth
 - Level 4.0 Shields
 - Level 2.6 Unarmed Combat
 * Level 17.3 Invocations


You had 14 spell levels left.
You didn't know any spells.
Your spell library contained the following spells:

 Spells                   Type           Power        Failure   Level  Hunger
 Infusion                 Chrm           #...         58%         1    ##.....
 Magic Dart               Conj           #...         58%         1    ##.....
 Poisonous Vapours        Pois/Air       #.....       73%         2    ###....
 Searing Ray              Conj           #.....       73%         2    ###....
 Shroud of Golubria       Chrm/Tloc      #.....       73%         2    ###....
 Song of Slaying          Chrm           #.......     73%         2    ###....
 Conjure Flame            Conj/Fire      #.......     91%         3    ####...
 Dazzling Spray           Conj/Hex       #.....       91%         3    ####...
 Mephitic Cloud           Conj/Pois/Air  #.......     91%         3    ####...
 Regeneration             Chrm/Necr      #.........   91%         3    ####...
 Spectral Weapon          Hex/Chrm       #.......     91%         3    ####...
 Force Lance              Conj/Tloc      #.......     100%        4    #####..
 Fulminant Prism          Conj/Hex       #.........   100%        4    #####..
 Iskenderun's Mystic Bla  Conj           #.......     100%        4    #####..
 Irradiate                Conj/Tmut      #.........   100%        5    ######.
 Yara's Violent Unravell  Hex/Tmut       #.........   100%        5    ######.
 Freezing Cloud           Conj/Ice/Air   #.........   100%        6    #######
 Hydra Form               Tmut           #.........   100%        6    #######
 Statue Form              Tmut/Erth      #........    100%        6    #######
 Dragon Form              Tmut           #.........   100%        7    #######
 Ring of Flames           Chrm/Fire      #.........   100%        7    #######


Dungeon Overview and Level Annotations

Branches:
Dungeon (15/15)            Temple (1/1) D:6            Lair (6/6) D:8
  Swamp (0/4) Lair:4       Spider (2/4) Lair:4        Slime (0/5) Lair:5
    Orc (2/2) D:11            Elf (0/3) Orc:2        Vaults (0/5) D:14
 Depths (0/5) D:15          Sewer (visited)          Bailey (visited)
Gauntlet (visited)

Altars:
Ashenzari
Cheibriados
Dithmenos
Elyvilon
Fedhas
Gozag
Hepliaklqana
Kikubaaqudgha
Makhleb
Nemelex Xobeh
Okawaru
Qazlal
Ru
Sif Muna
Trog
Uskayaw
Vehumet
Wu Jian
Xom
Yredelemnul
Zin
The Shining One
Beogh
Jiyva

Shops:
D:7 :?[!   D:15 *   Orc:2 [}![!

Annotations:
Lair:4 3 runed translucent doors, Cuollip's ghost, journeyman VSTm


Innate Abilities, Weirdness & Mutations

You have razor-sharp toenails.
A powerful demonic guardian rushes to your aid.
Your flesh is heat resistant. (rF+)
You regenerate health from kills.
When seriously injured, your bleeding wounds create thick armour. (AC +9)


Message History

The wolf spider bites you but does no damage.
The jumping spider pounces on you!
* * * LOW HITPOINT WARNING * * *
You are caught in a web!
The jumping spider bites you but does no damage.
You are too berserk!
You are too berserk!
Okay, then.
You are too berserk!
You struggle to detach yourself from the web.
The jumping spider burns!
The jumping spider dies!
Makhleb accepts your kill.
The wolf spider hits you but does no damage.
The wolf spider bites you.
* * * LOW HITPOINT WARNING * * *
You are lethally poisoned!
The wolf spider poisons you!
The jumping spider leaps!
The jumping spider pounces on you!!
You die...

#.^. ....#
#..[####....
#s.......... .
#.......^#^#.#
#..#.....#....
#.....<...#...
#..#.#...#....
#..#..y#^># .
#○...@ss###
#...#†s.○#
#...2....##
#.#.......#
#.........#
#...........#
#........#..^#
#......###..##
#......# ..#


You could see a wolf spider (berserk), a moth of wrath, 3 jumping spiders and a
friendly reaper.

Vanquished Creatures
  Snorg (D:14)
  An ogre mage (Orc:2)
  2 hydras
  A deep troll shaman (Lair:6)
  2 catoblepae
  6 two-headed ogres
  5 centaur warriors
  An orc high priest (Orc:1)
  Urug (D:10)
  Nergalle (Lair:4)
  4 skeletal warriors
  4 wolf spiders (Spider:1)
  3 orc knights
  2 slime creatures (D:15)
  2 orb spiders (Spider:1)
  A manticore (D:12)
  A deep elf mage (D:15)
  17 ugly things
  5 orc sorcerers (Orc:2)
  A moth of wrath (Spider:2)
  A wolf spider zombie (D:13)
  A cyclops (D:13)
  An elephant (Lair:4)
  A black mamba (Lair:2)
  A torpor snail (Lair:4)
  6 spiny frogs
  2 gargoyles
  10 komodo dragons
  2 demonic crawlers (Spider:1)
  An ice devil (Gauntlet)
  A rime drake (Lair:5)
  A tengu conjurer (D:14)
  4 jumping spiders (Spider:1)
  4 trolls
  2 polar bears (Lair:5)
  A hornet (Spider:1)
  3 bog bodies (Lair:4)
  10 blink frogs
  A hornet (shapeshifter) (D:15)
  6 hippogriffs
  A hippogriff (shapeshifter) (D:14)
  A centaur simulacrum (D:15)
  4 wyverns
  A spriggan (D:9)
  7 wraiths
  A shadow (D:15)
  13 redbacks (Spider:1)
  A vampire (D:8)
  2 basilisks (shapeshifter) (D:15)
  A basilisk (Lair:6)
  31 yaks
  Grum (D:9)
  A swamp worm (Lair:4)
  A warg (Orc:2)
  6 soldier ants
  8 water moccasins
  3 porcupines
  25 orc warriors
  4 sky beasts
  2 black bears
  2 phantoms
  3 ice beasts
  2 necrophages
  11 ogres
  10 wolves
  An eye of draining (D:14)
  11 centaurs
  8 crocodiles
  A big kobold (D:9)
  10 bullfrogs
  A wyvern skeleton (D:10)
  7 scorpions
  A water moccasin skeleton (D:8)
  22 killer bees
  6 howler monkeys
  An electric eel (D:10)
  4 crimson imps
  A quasit (D:13)
  2 bullfrog zombies
  4 jellies
  10 hounds
  2 bullfrog skeletons
  6 centaur skeletons
  18 orc priests
  A gnoll shaman (Orc:2)
  Natasha (D:4)
  6 iguanas
  28 orc wizards
  17 worker ants
  A worker ant zombie (D:11)
  4 gnolls
  8 river rats
  12 adders
  4 shadow imps
  7 white imps
  An ooze (D:5)
  2 adder skeletons
  2 adder zombies
  6 worms
  3 dart slugs
  2 leopard geckos
  98 orcs
  4 ball pythons
  5 bats
  5 giant cockroaches
  16 goblins
  6 hobgoblins
  15 jackals
  11 quokkas
  5 frilled lizards
  10 kobolds
  A leopard gecko zombie (D:5)
  A quokka skeleton (D:8)
  23 rats
  A plant (Lair:6)
684 creatures vanquished.

Vanquished Creatures (collateral kills)
  Nessos (Lair:5)
  A blizzard demon (Gauntlet)
  A fire dragon (D:14)
  An ettin (Orc:1)
  Josephine (Lair:4)
  3 hydras
  A catoblepas (Lair:3)
  A death knight (D:14)
  2 ogre magi
  A dancing weapon (D:14)
  Erica (Lair:2)
  3 tengu warriors (D:15)
  3 two-headed ogres
  A queen ant (Lair:2)
  3 death yaks (Lair:6)
  Sonja (Lair:4)
  8 skeletal warriors
  A glowing orange brain (D:15)
  2 orc knights
  3 orb spiders (Spider:1)
  An orb spider (shapeshifter) (D:15)
  A lindwurm (Lair:6)
  9 ugly things
  6 orc sorcerers
  2 wolf spiders (Spider:1)
  7 elephants
  A centaur zombie (D:14)
  A gargoyle (D:11)
  2 spiny frogs
  2 centaur skeletons (D:15)
  An ice devil (Gauntlet)
  2 komodo dragons
  4 jumping spiders
  A queen bee (shapeshifter) (D:13)
  A queen bee (D:11)
  4 trolls
  A polar bear (Lair:2)
  12 blink frogs
  Prince Ribbit (D:9)
  7 dream sheep (Lair:6)
  5 hippogriffs
  3 wraiths (Lair:4)
  5 redbacks (Spider:1)
  A spriggan (shapeshifter) (D:15)
  A shadow (D:15)
  27 yaks
  5 tarantellas (Spider:1)
  Eustachio (D:5)
  A vampire (D:13)
  4 wargs
  2 soldier ants (Lair:2)
  A swamp worm (Lair:4)
  4 porcupines
  9 orc warriors
  An ice beast (D:13)
  8 ogres
  6 centaurs
  A crocodile (D:13)
  A big kobold (Sewer)
  3 bullfrogs
  8 killer bees
  3 wights (D:8)
  2 electric eels
  A howler monkey (D:5)
  A crimson imp (D:9)
  2 jellies (D:13)
  4 orc priests
  18 orc wizards
  Natasha (twice) (D:4)
  6 worker ants
  5 gnolls
  2 adders
  6 white imps (Lair:6)
  21 orcs
  2 jackals
  7 kobolds
  A quokka (D:5)
  A rat (D:3)
286 creatures vanquished.

Vanquished Creatures (others)
  A redback (Spider:1)
  An orc warrior (Orc:1)
  A wolf (Lair:6)
  A centaur (D:5)
  An orc wizard (Orc:1)
  An adder (D:5)
  A leopard gecko (D:10)
  5 plants
12 creatures vanquished.

Grand Total: 982 creatures vanquished

Notes
Turn   | Place    | Note
-------+----------+-------------------------------------------
     0 | D:1      | Arixos the Demonspawn Monk began the quest for the Orb.
     0 | D:1      | Reached XP level 1. HP: 18/18 MP: 1/1
   645 | D:1      | Gained mutation: A weak demonic guardian rushes to your
                  | aid. [demonic ancestry]
   645 | D:1      | Reached XP level 2. HP: 24/24 MP: 2/2
   812 | D:1      | Reached skill level 1 in Armour
  1554 | D:2      | Gained mutation: You have sharp toenails. [demonic
                  | ancestry]
  1554 | D:2      | Reached XP level 3. HP: 17/29 MP: 3/3
  1759 | D:2      | Reached skill level 1 in Polearms
  1951 | D:2      | Gained mutation: You regenerate a little health from kills.
                  | [demonic ancestry]
  1951 | D:2      | Reached XP level 4. HP: 29/35 MP: 4/4
  2604 | D:2      | Found an ornate altar of the Wu Jian Council.
  3039 | D:3      | Gained mutation: A demonic guardian rushes to your aid.
                  | [demonic ancestry]
  3039 | D:3      | Reached XP level 5. HP: 28/42 MP: 5/5
  3126 | D:3      | Found a hide-covered altar of Uskayaw.
  3126 | D:3      | Found a shimmering altar of Xom.
  3133 | D:3      | Found a glowing silver altar of Zin.
  3424 | D:3      | Noticed a hippogriff
  3436 | D:3      | Killed a hippogriff
  3436 | D:3      | Gained mutation: When seriously injured, your bleeding
                  | wounds create armour. (AC +9) [demonic ancestry]
  3436 | D:3      | Reached XP level 6. HP: 23/48 MP: 6/6
  3938 | D:3      | Found a hazy altar of Hepliaklqana.
  4262 | D:4      | Found a glowing drain.
  4273 | Sewer    | Entered a sewer
  4433 | Sewer    | Found a white marble altar of Elyvilon.
  4750 | D:4      | Noticed Natasha
  4779 | D:4      | Killed Natasha
  4878 | D:4      | Reached XP level 7. HP: 55/55 MP: 7/7
  4931 | D:4      | Found a basalt altar of Yredelemnul.
  5043 | D:4      | Noticed Natasha
  5065 | D:4      | Killed Natasha
  5301 | D:5      | Entered Level 5 of the Dungeon
  5617 | D:4      | Noticed Natasha
  5629 | D:4      | Killed Natasha
  6662 | D:5      | Reached skill level 5 in Fighting
  6797 | D:5      | Found a sacrificial altar of Ru.
  6844 | D:5      | Found a bloodstained altar of Trog.
  6960 | D:5      | Reached skill level 5 in Polearms
  6960 | D:5      | Reached XP level 8. HP: 53/62 MP: 8/8
  7339 | D:5      | Noticed Eustachio
  7344 | D:5      | Killed Eustachio
  7873 | D:6      | Found a staircase to the Ecumenical Temple.
  7877 | Temple   | Entered the Ecumenical Temple
  7943 | Temple   | Became a worshipper of Makhleb the Destroyer
  7943 | Temple   | Reached * piety under Makhleb
  7943 | Temple   | Reached ** piety under Makhleb
  7987 | D:6      | Reached skill level 5 in Dodging
  7987 | D:6      | Reached skill level 1 in Invocations
  8267 | D:6      | Reached skill level 2 in Invocations
  8462 | D:6      | Found a sparkling altar of Nemelex Xobeh.
  9064 | D:6      | Reached skill level 3 in Invocations
  9359 | D:6      | Found a shattered altar of Ashenzari.
  9661 | D:7      | Gained mutation: When seriously injured, your bleeding
                  | wounds create thick armour. (AC +9) [demonic ancestry]
  9661 | D:7      | Reached XP level 9. HP: 69/69 MP: 11/11
  9707 | D:7      | Found Xefun's Armour Emporium.
  9718 | D:7      | Bought a scarf of repulsion for 132 gold pieces
  9770 | D:7      | Reached skill level 4 in Invocations
  9934 | D:7      | Found Fotol's Distillery.
  9939 | D:7      | Bought a potion of mutation for 96 gold pieces
  9939 | D:7      | Bought a potion of curing for 36 gold pieces
 10084 | D:7      | Found Hurimuq's Book Shop.
 10161 | D:7      | Found Voirea's Magic Scroll Emporium.
 10271 | D:8      | Got a jewelled scale mail
 10272 | D:8      | Identified the cursed +0 scale mail of the Wumpus {rPois
                  | Str+2} (You found it on level 8 of the Dungeon)
 10283 | D:8      | Identified the +4 quarterstaff "Joweb" {crush, Int+6}
 10285 | D:8      | Found a staircase to the Lair.
 10503 | D:8      | Reached skill level 5 in Invocations
 10794 | D:8      | Reached *** piety under Makhleb
 11039 | D:8      | Reached skill level 6 in Invocations
 11193 | D:8      | Reached skill level 5 in Armour
 11199 | D:8      | Reached skill level 1 in Shields
 11609 | Lair:1   | Entered Level 1 of the Lair of Beasts
 12107 | Lair:1   | Gained mutation: Your flesh is heat resistant. (rF+)
                  | [demonic ancestry]
 12107 | Lair:1   | Reached XP level 10. HP: 77/77 MP: 9/15
 12705 | Lair:2   | Reached skill level 7 in Invocations
 12995 | Lair:2   | Noticed a queen ant
 13310 | Lair:2   | Killed a queen ant
 13412 | Lair:2   | Reached skill level 8 in Invocations
 13928 | Lair:2   | Noticed a black mamba
 13930 | Lair:2   | Noticed a spiny frog
 13935 | Lair:2   | Killed a black mamba
 13941 | Lair:2   | Killed a spiny frog
 14387 | Lair:2   | Noticed Erica
 14395 | Lair:2   | Killed Erica
 14813 | Lair:3   | Gained mutation: You regenerate health from kills. [demonic
                  | ancestry]
 14813 | Lair:3   | Reached XP level 11. HP: 55/84 MP: 9/17
 14814 | Lair:3   | Found a gate leading to a gauntlet.
 14845 | Lair:3   | Reached skill level 9 in Invocations
 14864 | Gauntlet | Entered a Gauntlet
 14864 | Gauntlet | Found a transporter.
 14864 | Gauntlet | Found a transporter.
 14864 | Gauntlet | Found a transporter.
 14868 | Gauntlet | Found a transporter.
 14868 | Gauntlet | Found a transporter.
 14882 | Gauntlet | Found a transporter.
 14884 | Gauntlet | Found a transporter.
 14884 | Gauntlet | Found a large runed translucent door.
 14885 | Gauntlet | Found a large runed translucent door.
 14886 | Gauntlet | Found a large runed translucent door.
 14886 | Gauntlet | Found a large runed translucent door.
 14886 | Gauntlet | Found a runed translucent door.
 14886 | Gauntlet | Found a runed translucent door.
 14887 | Gauntlet | Found a large runed translucent door.
 14887 | Gauntlet | Found a large runed translucent door.
 14887 | Gauntlet | Found a large runed translucent door.
 14887 | Gauntlet | Found a large runed translucent door.
 14888 | Gauntlet | Found a large runed translucent door.
 14888 | Gauntlet | Found a large runed translucent door.
 14889 | Gauntlet | Found a large runed translucent door.
 14889 | Gauntlet | Found a large runed translucent door.
 14890 | Gauntlet | Found a runed translucent gate.
 14890 | Gauntlet | Found a runed translucent gate.
 14890 | Gauntlet | Found a runed translucent gate.
 14891 | Gauntlet | Noticed a thrashing horror
 14891 | Gauntlet | Noticed a thrashing horror
 14892 | Gauntlet | Found a transporter.
 14902 | Gauntlet | Found a large runed translucent door.
 14903 | Gauntlet | Found a large runed translucent door.
 14912 | Gauntlet | Found a large runed translucent door.
 14912 | Gauntlet | Found a large runed translucent door.
 14971 | Gauntlet | Noticed a tengu warrior
 14982 | Gauntlet | Found a transporter.
 14992 | Gauntlet | Found a transporter.
 14996 | Gauntlet | Found a transporter.
 15006 | Gauntlet | Found a transporter.
 15007 | Gauntlet | Noticed a blizzard demon
 15171 | Gauntlet | Got a twitching marble ring
 15199 | Gauntlet | Killed a blizzard demon
 15387 | Gauntlet | Identified the ring "Qitif" {*Tele rC+ Int-4 Dex+7}
 15387 | Gauntlet | Noticed a minotaur
 15411 | Gauntlet | Found the amulet of the Air {Inacc +Fly rElec EV+5 RMsl}
 15724 | Lair:2   | Identified the ring of Suacaz {rF+ Int+3} (You found it in
                  | a Gauntlet)
 15860 | Lair:3   | Noticed a catoblepas
 15870 | Lair:3   | Killed a catoblepas
 15987 | Lair:3   | Noticed a catoblepas
 15995 | Lair:3   | Killed a catoblepas
 16107 | Lair:3   | Identified the Volume of Lethal Transformation
 16192 | Lair:3   | Noticed an eight-headed hydra
 16203 | Lair:3   | Killed an eight-headed hydra
 16520 | Lair:4   | Reached skill level 10 in Invocations
 16629 | Lair:4   | Reached **** piety under Makhleb
 16686 | Lair:4   | Found a staircase to the Swamp.
 16965 | Lair:4   | Noticed a four-headed hydra
 16970 | Lair:4   | Killed a four-headed hydra
 17063 | Lair:4   | Reached skill level 11 in Invocations
 17179 | Lair:4   | Noticed Josephine
 17190 | Lair:4   | Killed Josephine
 17200 | Lair:4   | Reached XP level 12. HP: 77/93 MP: 18/20
 17246 | Lair:4   | Found a runed translucent gate.
 17246 | Lair:4   | Found a runed translucent gate.
 17246 | Lair:4   | Found a runed translucent gate.
 17246 | Lair:4   | Noticed Cuollip's ghost (journeyman VSTm)
 17268 | Lair:4   | Noticed Sonja
 17272 | Lair:4   | Killed Sonja
 17314 | Lair:4   | Reached skill level 10 in Polearms
 17336 | Lair:4   | Found a hole to the Spider Nest.
 17672 | Lair:4   | Noticed Nergalle
 17683 | Lair:4   | Killed Nergalle
 17910 | Lair:5   | Noticed a six-headed hydra
 17919 | Lair:5   | Killed a six-headed hydra
 18099 | Lair:5   | Noticed Nessos
 18106 | Lair:5   | Killed Nessos
 18106 | Lair:5   | Reached skill level 12 in Invocations
 18313 | Lair:5   | Found a viscous altar of Jiyva.
 18313 | Lair:5   | Found a staircase to the Slime Pits.
 19067 | Lair:6   | Entered Level 6 of the Lair of Beasts
 19401 | Lair:5   | Found a viscous altar of Jiyva.
 19488 | Lair:5   | Found a staircase to the Slime Pits.
 20501 | Lair:6   | Noticed a five-headed hydra
 20510 | Lair:6   | Killed a five-headed hydra
 20630 | Lair:6   | Reached skill level 13 in Invocations
 20682 | Lair:6   | Reached XP level 13. HP: 81/101 MP: 20/22
 21114 | Lair:6   | Found the +0 sword of Power
 21632 | Lair:6   | Reached ***** piety under Makhleb
 21861 | D:9      | Noticed Prince Ribbit
 21866 | D:9      | Killed Prince Ribbit
 22323 | D:9      | Got a polished ring mail
 22324 | D:9      | Identified the +5 ring mail "Put-Me-On" {rCorr Str-5
                  | Slay+3} (You found it on level 9 of the Dungeon)
 22358 | D:9      | Noticed Grum
 22369 | D:9      | Killed Grum
 22424 | D:10     | Entered Level 10 of the Dungeon
 22478 | D:10     | Noticed Urug
 22499 | D:10     | Killed Urug
 22574 | D:10     | Reached skill level 14 in Invocations
 23492 | D:11     | Found a staircase to the Orcish Mines.
 24026 | D:11     | Reached skill level 10 in Fighting
 24178 | D:11     | Upgraded the game from 0.25-a0-94-g9e23508adf to
                  | 0.25-a0-96-g4073cf80fb
 24210 | Orc:1    | Entered Level 1 of the Orcish Mines
 24517 | Orc:1    | Gained mutation: A powerful demonic guardian rushes to your
                  | aid. [demonic ancestry]
 24517 | Orc:1    | Reached XP level 14. HP: 110/110 MP: 22/25
 24518 | Orc:1    | Found a roughly hewn altar of Beogh.
 24669 | Orc:1    | Found a roughly hewn altar of Beogh.
 24730 | Orc:1    | Noticed an Executioner
 24883 | Orc:2    | Entered Level 2 of the Orcish Mines
 25282 | Orc:2    | Found Wazus's Antique Armour Emporium.
 25328 | Orc:2    | Bought a shiny plate armour for 572 gold pieces
 25472 | Orc:2    | Reached skill level 15 in Invocations
 25738 | Orc:2    | Found a staircase to the Elven Halls.
 25827 | Orc:2    | Found Toneat's Distillery.
 25909 | Orc:2    | Found a radiant altar of Vehumet.
 25965 | Orc:2    | Paralysed by an orc sorcerer for 3 turns
 25974 | Orc:2    | Found an ancient bone altar of Kikubaaqudgha.
 25981 | Orc:2    | Found a roughly hewn altar of Beogh.
 25991 | Orc:2    | Found Ikitaf's Gadget Boutique.
 26010 | Orc:2    | Found Kotoqo's Antique Armour Boutique.
 26097 | Orc:2    | Found Kacsiarph's Distillery.
 26373 | D:12     | Found a white marble altar of Elyvilon.
 26373 | D:12     | You fall into a shaft and drop 2 floors!
 26454 | D:14     | Noticed a balrug
 26490 | D:15     | Entered Level 15 of the Dungeon
 26997 | D:12     | Found a flagged portal.
 27005 | Bailey   | Entered a bailey
 27721 | D:12     | Reached skill level 10 in Dodging
 27817 | D:12     | Found an ancient bone altar of Kikubaaqudgha.
 28203 | D:13     | Reached skill level 16 in Invocations
 28383 | D:13     | Found a shadowy altar of Dithmenos.
 28817 | D:14     | Noticed Snorg
 28827 | D:14     | Killed Snorg
 29235 | D:14     | Gained mutation: You have razor-sharp toenails. [demonic
                  | ancestry]
 29235 | D:14     | Reached XP level 15. HP: 117/117 MP: 24/27
 29363 | D:14     | Found a gate to the Vaults.
 29848 | D:15     | Found Cokk's Assorted Antiques.
 29941 | D:15     | Reached skill level 10 in Armour
 29994 | D:15     | Found a staircase to the Depths.
 30425 | Orc:2    | Bought a potion of heal wounds for 75 gold pieces
 30425 | Orc:2    | Bought 2 potions of heal wounds for 150 gold pieces
 30425 | Orc:2    | Bought a potion of heal wounds for 75 gold pieces
 30425 | Orc:2    | Bought a potion of heal wounds for 75 gold pieces
 30425 | Orc:2    | Bought a potion of heal wounds for 75 gold pieces
 30637 | Spider:1 | Entered Level 1 of the Spider Nest
 30659 | Spider:1 | Reached skill level 17 in Invocations
 31437 | Spider:2 | HP: 5/178 [jumping spider (10)]
 31438 | Spider:2 | HP: 1/178 [wolf spider (4)]
 31438 | Spider:2 | Demolished by a jumping spider

Levels and vault maps discovered:
D:1:      minmay_arrival_hallway, layout_basic
D:2:      minmay_spotlight, layout_basic, marbit_many_paths
D:3:      layout_basic, overflow_temple_1_default,
          gammafunk_temple_overflow_forgotten
D:4:      layout_rooms, kennysheep_mini_moat, first_ration,
          portal_sewer_entry_d, kennysheep_potato, uniq_natasha
D:5:      lemuel_ratsnest, layout_loops_ring, kennysheep_mini,
          kennysheep_little_box, lemuel_flamethrower_2, uniq_eustachio
D:6:      layout_loops_ring, lemuel_round_altar, nicolae_overflow_hidden_temple,
          minmay_temple_entry_grid, hex_medium
D:7:      layout_layer_cave, serial_shops, shop_fountains, shop, shop_coins,
          shop
D:8:      layout_rooms, lair_entry_dummy
D:9:      layout_rooms, grunt_pizzeria, uniq_prince_ribbit1, uniq_grum
D:10:     layout_gridville, minmay_crystal_room, minmay_strange_pillars,
          serial_bayou_pond_b, uniq_urug
D:11:     layout_roguey, david_orc_3, special_room [special_room_bee]
D:12:     layout_rooms, basic_altar, enter_bailey_3, nrook_mini_backslash,
          elyvilon_altar_3
D:13:     layout_rooms, grunt_dithmenos_smoke_and_mirrors
D:14:     layout_irregular_city, erik_vaults_1, minmay_misc_feat_chi,
          serial_column_ruins, column_ruins_corridor_straight,
          column_ruins_columns_straight, column_ruins_grid_2,
          column_ruins_columns_corner, column_ruins_corridor_corner,
          column_ruins_open_tiny, uniq_snorg
D:15:     gammafunk_enter_depths_forms, layout_rooms, minmay_misc_feat_tiny,
          serial_shops, nicolae_shop_trees, uniq_kirke
Temple:   nicolae_temple_x_marks_the_god
Lair:1:   statuecave_lemuel, layout_regular_city
Lair:2:   layout_layer_cave, minmay_another_anthill, lemuel_fruit_tree,
          infiniplex_staircase_pool_2, uniq_erica
Lair:3:   layout_misc_corridors, gauntlet_entry_generic, serial_bayou_lagoon_a
Lair:4:   layout_cave_pods, nicolae_swamp_entry_splash_gauntlet,
          nicolae_spider_entry_non_spiders, gammafunk_ghost_necromancy,
          serial_bayou_pond_d, serial_bayou_shore_a, uniq_nergalle,
          uniq_josephine, uniq_sonja
Lair:5:   layout_cave_pods, slime_altar_1, uniq_nessos
Lair:6:   grunt_lair_end_beastmaster, layout_gridlike,
          portal_ice_cave_entry_imps, hibernation_bobbens, grunt_megastairs_5
Spider:1: layout_spider_delve, guppyfry_spider_mini_3
Spider:2: layout_spider_delve, guppyfry_hornet_nest, nicolae_spider_cling_ruins
Orc:1:    layout_caves, basic_altar, bh_open_orc_temple
Orc:2:    kennysheep_orc_mage_school, layout_caves, serial_shops, shop

Skill      XL: |  1  2  3  4  5  6  7  8  9 10 11 12 13 14 15 |
---------------+----------------------------------------------+-----
Armour         | 1 2 3 4 5 6 7 8 9 10 | 10.2
Dodging        | 3 4 5 6 7 8 9 10 | 10.7
Polearms       | 1 2 3 5 6 7 8 9 11 12 13 | 13.8
Fighting       | 4 5 6 7 8 9 10 11 | 11.4
Invocations    | 3 6 8 11 13 14 16 17 | 17.3
Shields        | 2 4 |  4.0
Stealth        | |  1.7
Unarmed Combat | |  2.6

Action                   |  1- 3 |  4- 6 |  7- 9 | 10-12 | 13-15 || total
-------------------------+-------+-------+-------+-------+-------++-------
Melee: Unarmed           |    70 |       |       |       |       ||    70
       Punch             |     2 |     1 |     9 |       |       ||    12
       Spear             |   102 |   279 |   794 |       |       ||  1175
       Kick              |    16 |    29 |       |       |       ||    45
       Trident           |       |       |   326 |   286 |       ||   612
       Demon trident     |       |       |       |   526 |  1902 ||  2428
Throw: Dart              |       |     4 |     1 |       |       ||     5
Invok: Minor Destruction |       |       |    16 |    17 |    10 ||    43
       Lesser Servant of |       |       |     2 |    10 |    53 ||    65
       Greater Servant o |       |       |       |       |     7 ||     7
       Major Destruction |       |       |       |       |     2 ||     2
  Use: Scroll            |     1 |     1 |    14 |    11 |    10 ||    37
       Potion            |       |       |     2 |     3 |    11 ||    16
 Stab: Sleeping          |     3 |     2 |       |     2 |     3 ||    10
       Distracted        |       |       |     2 |    11 |    31 ||    44
  Eat: Chunk             |     3 |    10 |    33 |    18 |    37 ||   101
       Ration            |       |       |       |     1 |       ||     1
Armor: Robe              |    17 |       |       |       |       ||    17
       Ring mail         |    45 |    29 |       |       |   242 ||   316
       Chain mail        |       |     4 |       |       |       ||     4
       Scale mail        |       |    68 |   335 |   200 |   108 ||   711
Dodge: Dodged            |   102 |   109 |   453 |   404 |   736 ||  1804
       Deflected         |       |       |     6 |    12 |    27 ||    45
Block: Buckler           |       |       |     7 |   135 |   276 ||   418

Table legend:
 A = Non-vault XP
 B = Vault XP
 C = Vault XP percentage of total XP
 D = Non-vault monster count
 E = Vault monster count
 F = Vault count percentage of total count
                 A         B        C        D         E       F
            +---------+---------+-------+---------+---------+-------
      Total |  104747 |   33454 |  24.2 |     722 |     250 |  25.7
            +---------+---------+-------+---------+---------+-------
        D:1 |      31 |       0 |   0.0 |      20 |       0 |   0.0
        D:2 |     102 |      16 |  13.6 |      27 |       8 |  22.9
        D:3 |     369 |       0 |   0.0 |      36 |       0 |   0.0
        D:4 |     400 |      44 |   9.9 |      20 |       4 |  16.7
        D:5 |     545 |     223 |  29.0 |      19 |      27 |  58.7
        D:6 |     687 |       0 |   0.0 |      18 |       0 |   0.0
        D:7 |     578 |       0 |   0.0 |      12 |       0 |   0.0
        D:8 |    1680 |       0 |   0.0 |      35 |       0 |   0.0
        D:9 |    2625 |    1022 |  28.0 |      38 |       7 |  15.6
       D:10 |    3124 |     755 |  19.5 |      47 |       2 |   4.1
       D:11 |    5365 |    1530 |  22.2 |      27 |      26 |  49.1
       D:12 |    3717 |       8 |   0.2 |      29 |       4 |  12.1
       D:13 |    7250 |       0 |   0.0 |      33 |       0 |   0.0
       D:14 |   15084 |    1857 |  11.0 |      48 |       2 |   4.0
       D:15 |   17935 |    2997 |  14.3 |      45 |       9 |  16.7
     Lair:1 |     942 |     160 |  14.5 |       7 |       1 |  12.5
     Lair:2 |    2683 |    2207 |  45.1 |      18 |      18 |  50.0
     Lair:3 |    3207 |       0 |   0.0 |      12 |       0 |   0.0
     Lair:4 |    5433 |    4160 |  43.4 |      23 |      22 |  48.9
     Lair:5 |    4808 |    1298 |  21.3 |      19 |       3 |  13.6
     Lair:6 |    9200 |    6807 |  42.5 |      46 |      32 |  41.0
   Spider:1 |   10254 |    1417 |  12.1 |      39 |       7 |  15.2
   Spider:2 |     662 |       0 |   0.0 |       2 |       0 |   0.0
      Orc:1 |    3732 |     983 |  20.8 |      56 |       4 |   6.7
      Orc:2 |    4334 |    4987 |  53.5 |      46 |      34 |  42.5
      Sewer |       0 |      85 | 100.0 |       0 |      12 | 100.0
     Bailey |       0 |    1697 | 100.0 |       0 |      22 | 100.0
   Gauntlet |       0 |    1201 | 100.0 |       0 |       6 | 100.0
            +---------+---------+-------+---------+---------+-------
